 Dungeon Crawl Stone Soup version 0.29-a0-333-gb4c28e87c6 (webtiles) character file.

Game seed: 4600190747767639783

53 Jortsu the Skirmisher (level 3, 0/29 HPs)
             Began as a Demonspawn Fighter on Apr 13, 2022.
             Succumbed to an adder's poison
             ... on level 2 of the Dungeon.
             The game lasted 00:01:53 (1117 turns).

Jortsu the Skirmisher (Demonspawn Fighter)          Turns: 1117, Time: 00:01:54

Health: 0/29       AC:  6    Str: 18    XL:     3   Next: 62%
Magic:  3/3        EV:  9    Int:  9    God:
Gold:   62         SH:  9    Dex: 12    Spells: 2/2 levels left

rFire   . . .      SeeInvis .   a - +0 war axe
rCold   . . .      Faith    .   c - +0 buckler
rNeg    . . .      Spirit   .   b - +0 scale mail
rPois   .          Reflect  +   (no helmet)
rElec   .          Harm     .   (no cloak)
rCorr   .          Rampage  .   (no gloves)
Will    .....                   (no boots)
Stlth   ..........              f - amulet of reflection
HPRegen 0.09/turn               (no ring)
MPRegen 0.08/turn               (no ring)

@: lethally poisoned (0 -> -3)
A: demonic guardian 2
a: no special abilities


You were on level 2 of the Dungeon.
You visited 1 branch of the dungeon, and saw 2 of its levels.

You collected 62 gold pieces.

Inventory:

Hand Weapons
 a - a +0 war axe (weapon)
Armour
 b - a +0 scale mail (worn)
 c - a +0 buckler (worn)
Jewellery
 f - an amulet of reflection (around neck)
Potions
 d - a potion of might
 g - a potion of cancellation {unknown}


   Skills:
 + Level 3.5 Fighting
 + Level 2.4 Axes
 + Level 3.0 Armour
 + Level 0.2 Dodging
 + Level 3.1 Shields


You had 2 spell levels left.
You didn't know any spells.
Your spell library was empty.

Dungeon Overview and Level Annotations

Branches:
Dungeon (2/15)

Altars:
Uskayaw


Innate Abilities, Weirdness & Mutations

A demonic guardian rushes to your aid.


Message History

An adder comes into view.
You hit the goblin but do no damage. The goblin hits you but does no damage.
You barely miss the goblin. The goblin barely misses you.
The ball python closely misses you. The ball python misses you.
A goblin comes into view. It is wielding a +0 club.
The goblin hits you but does no damage.
You barely miss the ball python. You closely miss the goblin.
The goblin shouts!
The ball python barely misses you. x2; The goblin hits you with a +0 dagger.
The ball python closely misses you. The ball python grabs you.
The ball python constricts you.
You hit the ball python.
You kill the ball python!
You hit the goblin.
You kill the goblin!
The adder closely misses you. You block the adder's attack.
The adder attacks as you move away! The adder bites you.
You are poisoned.
The adder poisons you!
You feel sick.
You feel sick.
You feel sick. The adder bites you.
* * * LOW HITPOINT WARNING * * *
You are more poisoned.
The adder poisons you!
You hit the adder but do no damage.
You feel sick. The adder bites you.
* * * LOW HITPOINT WARNING * * *
A demonic guardian appears!
You are lethally poisoned!
The adder poisons you!
You hit the adder but do no damage.
* * * LOW HITPOINT WARNING * * *
You feel sick. The adder bites you but does no damage.
The adder closely misses you.
You slash the adder!
You kill the adder!
* * * LOW HITPOINT WARNING * * *
You feel sick.
You miss the goblin.
You die...

..........#####...#.....
#...........<#.......
#....................
####...[.......†........
..........####..........
................###.#...
.......†......### .# ..
..........########..# .
......)....g@4......
.......†.#######...#
#........# # .........#
#........# #........#
.........# ........##


You could see a goblin and a friendly hellwing (summoned).

Vanquished Creatures
  An adder (D:2)
  A dart slug (D:1)
  5 ball pythons
  3 endoplasms
  2 giant cockroaches (D:2)
  4 goblins
  4 hobgoblins
  A kobold (D:2)
  A quokka (D:2)
  3 bats (D:1)
  2 frilled lizards
  A rat (D:2)
28 creatures vanquished.

Vanquished Creatures (collateral kills)
  An adder (D:2)
  A bat (D:2)
2 creatures vanquished.

Grand Total: 30 creatures vanquished

Notes
Turn   | Place    | Note
-------+----------+-------------------------------------------
     0 | D:1      | Jortsu the Demonspawn Fighter began the quest for the Orb.
     0 | D:1      | Reached XP level 1. HP: 18/18 MP: 1/1
   114 | D:1      | Gained mutation: A weak demonic guardian rushes to your
                  | aid. [demonic ancestry]
   114 | D:1      | Reached XP level 2. HP: 24/24 MP: 2/2
   410 | D:1      | Found a faded altar of an unknown god.
   418 | D:1      | Prayed at the altar of an unknown god.
   418 | D:1      | Became a worshipper of Uskayaw the Reveller
   418 | D:1      | Reached * piety under Uskayaw
   421 | D:1      | Fell from the grace of Uskayaw
  1084 | D:2      | Gained mutation: A demonic guardian rushes to your aid.
                  | [demonic ancestry]
  1084 | D:2      | Reached XP level 3. HP: 17/29 MP: 3/3
  1116 | D:2      | HP: 1/29 [poisoned by an adder]
  1117 | D:2      | Succumbed to an adder's poison

Illustrated notes

Levels and vault maps discovered:
D:1:      shiori_arrival_oz, layout_basic, ebering_ecumenical_altar_ruins,
          hangedman_abyss_or_decor_stabs, grunt_decor_mini_mirrors,
          corexii_hall_statues_i, chequers_serial_rivers_marsh,
          roderic_cross_of_infinity
D:2:      layout_rooms

Skill      XL: |  1  2  3 |
---------------+----------+-----
Axes           | 2 |  2.4
Shields        | 3 |  3.1
Armour         | 3 |  3.0
Fighting       | |  3.5
Dodging        | |  0.2

Action                   || total
-------------------------++-------
Melee: War axe           ||    71
Invok: Renounce Religion ||     1
  Use: Scroll            ||     2
Armor: Scale mail        ||    49
Dodge: Dodged            ||    34
Block: Buckler           ||    35

Table legend: (Time is in decaauts)
 A = Elapsed time spent in this place.
 B = Non-inter-level travel time spent in this place.
 C = Inter-level travel time spent in this place.
 D = Time resting spent in this place.
 E = Time spent auto-exploring this place.
 F = Levels seen in this place.
 G = Mean time per level.
                   A        B        C        D        E       F      G
               +--------+--------+--------+--------+--------+-----+--------+
         Total |   1151 |   1125 |     26 |    236 |    658 |   2 |  575.5 |
       Dungeon |   1151 |   1125 |     26 |    236 |    658 |   2 |  575.5 |
               +--------+--------+--------+--------+--------+-----+--------+

Top non-repeatable levels by time:
     D:1: 1068 daAuts
     D:2: 83 daAuts
